General information
- name: BNet
- type: Ladder team game (AT/RT)
- host: Battle.net
- saver: GapInTheTooth
map: TurtleRock
- players: 4
- length: 17:32
- speed: Fast
- version: 1.21 W3XP
- replay type: Public
» download(99 KB)
Players
team 1 (loser)
Hum_style (
green | 115 APM | 2014 actions | 17:30)
3 Archmage
2 Blizzard
1 Brilliance Aura
1 Blood Mage
1 Flame Strike
» actions
| Assign group hotkey | 36 | |
| Basic commands | 9 | |
| Build / train | 61 | |
| ESC pressed | 1 | |
| Enter build submenu | 25 | |
| Enter hero's abilities submenu | 4 | |
| Right click | 879 | |
| Select / deselect | 267 | |
| Select group hotkey | 654 | |
| Use ability | 78 | |
2014 total
» units
| Peasant | 9 | |
| Sorceress | 6 | |
| Spell Breaker | 6 | |
| Priest | 1 | |
22 total
» upgrades
| Masonry | 1 | |
| Priest Training | 1 | |
| Sorceress Training | 1 | |
| Plating | 1 | |
4 total
» buildings
| Altar of Kings | 1 | |
| Lumber Mill | 1 | |
| Farm | 7 | |
| Scout Tower | 5 | |
| Guard Tower | 9 | |
| Arcane Tower | 2 | |
| Arcane Vault | 1 | |
| Keep | 1 | |
| Blacksmith | 1 | |
| Arcane Sanctum | 2 | |
| Town Hall | 1 | |
31 total
» build order
00:08 Altar of Kings
00:20 Lumber Mill
00:35 Farm
00:41 Scout Tower
00:44 Scout Tower
00:53 Farm
01:36 Guard Tower
01:36 Guard Tower
01:51 Arcane Tower
02:04 Scout Tower
02:09 Arcane Vault
02:53 Guard Tower
03:56 Keep
04:00 Blacksmith
04:02 Farm
04:24 Farm
05:17 Farm
06:23 Arcane Sanctum
06:28 Arcane Sanctum
07:09 Farm
10:19 Farm
12:46 Guard Tower
12:55 Guard Tower
13:45 Scout Tower
14:08 Scout Tower
14:20 Guard Tower
15:56 Town Hall
16:40 Guard Tower
16:43 Arcane Tower
16:47 Guard Tower
» items
| Lesser Clarity Potion | 2 | |
| Staff of Teleportation | 1 | |
| Scroll of Regeneration | 3 | |
| Ivory Tower | 11 | |
17 total
SAY-GG (
teal | 138 APM | 2421 actions | 17:30)
4 Far Seer
2 Far Sight
2 Chain Lighting
2 Naga Sea Witch
1 Frost Arrows
1 Forked Lightning
» actions
| Assign group hotkey | 26 | |
| Basic commands | 6 | |
| Build / train | 53 | |
| Enter build submenu | 16 | |
| Enter hero's abilities submenu | 7 | |
| Give item / drop item | 1 | |
| Remove unit from queue | 2 | |
| Right click | 1061 | |
| Select / deselect | 304 | |
| Select group hotkey | 877 | |
| Use ability | 68 | |
2421 total
» units
| Peon | 7 | |
| Grunt | 7 | |
| Wind Rider | 4 | |
| Tauren | 5 | |
23 total
» upgrades
| Berserker Strength | 1 | |
| Armor | 1 | |
| Reinforced Defenses | 1 | |
3 total
» buildings
| Altar of Storms | 1 | |
| Orc Burrow | 6 | |
| Barracks | 1 | |
| Stronghold | 1 | |
| War Mill | 1 | |
| Voodoo Lounge | 1 | |
| Beastiary | 1 | |
| Fortress | 1 | |
| Tauren Totem | 1 | |
| Great Hall | 3 | |
17 total
» build order
00:04 Altar of Storms
00:14 Orc Burrow
00:38 Barracks
01:24 Orc Burrow
02:48 Stronghold
03:46 Orc Burrow
04:09 War Mill
04:21 Voodoo Lounge
05:31 Beastiary
05:46 Fortress
05:56 Orc Burrow
10:29 Tauren Totem
11:44 Great Hall
12:03 Orc Burrow
13:31 Great Hall
14:21 Orc Burrow
15:51 Great Hall
» items
| Healing Salve | 3 | |
| Potion of Mana | 1 | |
| Potion of Healing | 3 | |
| Lesser Clarity Potion | 4 | |
11 total
team 2 (winner)
GapInTheTooth (
orange | 79 APM | 1381 actions | 17:32)
4 Blademaster
1 Wind Walk
2 Critical Strike
1 Mirror Image
» actions
| Assign group hotkey | 31 | |
| Basic commands | 232 | |
| Build / train | 65 | |
| ESC pressed | 5 | |
| Enter build submenu | 15 | |
| Enter hero's abilities submenu | 4 | |
| Remove unit from queue | 1 | |
| Right click | 538 | |
| Select / deselect | 329 | |
| Select group hotkey | 106 | |
| Use ability | 54 | |
1381 total
» units
| Peon | 18 | |
| Grunt | 9 | |
| Troll Headhunter/Berserker | 7 | |
| Shaman | 4 | |
38 total
» upgrades
| Berserker Strength | 1 | |
| Spiked Barricades | 2 | |
| Pillage | 1 | |
| Shaman Training | 2 | |
| Troll Regeneration | 2 | |
| Ranged Weapons | 1 | |
| Reinforced Defenses | 1 | |
| Berserker Upgrade | 1 | |
| Witch Doctor Training | 1 | |
12 total
» buildings
| Altar of Storms | 1 | |
| Orc Burrow | 4 | |
| Barracks | 1 | |
| Voodoo Lounge | 1 | |
| Stronghold | 1 | |
| War Mill | 1 | |
| Watch Tower | 10 | |
| Spirit Lodge | 2 | |
| Fortress | 1 | |
22 total
» build order
00:07 Altar of Storms
00:11 Orc Burrow
00:34 Barracks
01:51 Orc Burrow
02:05 Voodoo Lounge
03:46 Stronghold
04:28 Orc Burrow
04:57 War Mill
06:25 Watch Tower
06:26 Watch Tower
06:27 Watch Tower
06:28 Watch Tower
07:12 Orc Burrow
09:05 Watch Tower
09:06 Watch Tower
09:16 Spirit Lodge
10:07 Fortress
15:55 Spirit Lodge
16:50 Watch Tower
16:51 Watch Tower
16:52 Watch Tower
16:53 Watch Tower
» items
| Healing Salve | 3 | |
| Boots of Speed | 1 | |
| Potion of Lesser Invulnerability | 1 | |
| Orb of Lightning | 1 | |
6 total
kairos (
pink | 47 APM | 832 actions | 17:31)
5 Demon Hunter
2 Immolation
3 Evasion
4 Priestess of the Moon
2 Trueshot Aura
2 Searing Arrows
» actions
| Assign group hotkey | 20 | |
| Basic commands | 111 | |
| Build / train | 73 | |
| Enter build submenu | 13 | |
| Enter hero's abilities submenu | 9 | |
| Remove unit from queue | 4 | |
| Right click | 281 | |
| Select / deselect | 218 | |
| Select group hotkey | 72 | |
| Use ability | 31 | |
832 total
» units
» upgrades
| Improved Bows | 1 | |
| Strength of the Moon | 3 | |
| Marksmanship | 1 | |
| Upgrade Moon Glaive | 1 | |
| Moon Armor | 2 | |
8 total
» buildings
| Altar of Elders | 1 | |
| Moon Well | 7 | |
| Ancient of War | 2 | |
| Tree of Ages | 1 | |
| Hunter's Hall | 1 | |
| Tree of Life | 1 | |
| Tree of Eternity | 1 | |
14 total
» build order
00:17 Altar of Elders
00:32 Moon Well
00:45 Ancient of War
01:42 Moon Well
02:10 Ancient of War
02:41 Moon Well
02:59 Tree of Ages
04:30 Hunter's Hall
04:43 Moon Well
05:24 Tree of Life
06:29 Tree of Eternity
10:28 Moon Well
12:11 Moon Well
13:59 Moon Well
» items
| Potion of Lesser Invulnerability | 2 | |
| Scroll of Protection | 2 | |
| Scroll of Healing | 1 | |
5 total
Chat log
(00:07 / All) kairos: sup bitches
(00:17 / All) GapInTheTooth: clan nih up in here
(00:26 / All) SAY-GG: never heard of it
(00:26 / All) kairos: NIGGERZ IN HEAT
(01:14 / All) kairos: HERE I COME!
(01:23 / All) Hum_style: come on
(01:30 / All) kairos: CUM ON WHAT?
(01:31 / All) SAY-GG: quick
(05:08 / All) kairos: LOL FARSIGHT
(05:09 / Allies) kairos: TARD
(05:18 / All) SAY-GG: no need play normal skill with some noobs